 Dungeon Crawl Stone Soup version 0.23.0 (webtiles) character file.

Game seed: 14405629809747877440

12674 JOKERXD40 the Cleaver (level 11, -6/101 HPs)
             Began as a Minotaur Berserker on Feb 14, 2019.
             Was a High Priest of Trog.
             Killed from afar by an electric eel (10 damage)
             ... with a bolt of electricity
             ... on level 2 of the Lair of Beasts.
             The game lasted 00:30:25 (10265 turns).

JOKERXD40 the Cleaver (Minotaur Berserker)         Turns: 10265, Time: 00:30:27

Health: -6/101     AC: 16    Str: 25    XL:     11   Next: 65%
Magic:  10/10      EV: 11    Int:  6    God:    Trog [*****.]
Gold:   523        SH: 15    Dex: 16    Spells: 10/10 levels left

rFire    . . .     SeeInvis +   G - +5 hand axe of Jelly's Curse {elec, Int+2 SInv}
rCold    . . .     Gourm    .   p - +0 shield
rNeg     . . .     Faith    .   d - +0 plate armour
rPois    +         Spirit   .   (helmet restricted)
rElec    .         Reflect  +   (no cloak)
rCorr    .         Harm     .   C - +0 pair of gloves
MR       .....                  (no boots)
Stlth    ..........             E - +3 amulet of reflection
HPRegen  0.26/turn              r - ring "Ymenor" {rPois Dex+6}
MPRegen  0.12/turn              I - ring of see invisible

@: no status effects
A: retaliatory headbutt, horns 2
a: Berserk, Trog's Hand, Brothers in Arms, Renounce Religion


You were on level 2 of the Lair of Beasts.
You worshipped Trog.
Trog was extremely pleased with you.
You were not hungry.

You visited 2 branches of the dungeon, and saw 12 of its levels.
You also visited: Ossuary.

You collected 549 gold pieces.
You spent 26 gold pieces at shops.

Inventory:

Hand Weapons
 G - the +5 hand axe of Jelly's Curse (weapon) {elec, Int+2 SInv}
   (Trog gifted it to you on level 8 of the Dungeon)

   Occasionally, upon striking a foe, it will discharge some electrical energy
   and cause terrible harm.
   It affects your intelligence (+2).
   It lets you see invisible.
Missiles
 k - 311 stones
 u - 7 javelins
 x - a javelin of returning
 y - 12 tomahawks (quivered)
Armour
 d - a +0 plate armour (worn)
 p - a +0 shield (worn)
 C - a +0 pair of gloves (worn)
Jewellery
 r - the ring "Ymenor" (left hand) {rPois Dex+6}
   (You found it on level 7 of the Dungeon)

   [ring of poison resistance]

   It affects your dexterity (+6).
   It protects you from poison.
 E - a +3 amulet of reflection (around neck)
 I - a ring of see invisible (right hand)
Wands
 i - a wand of disintegration (17)
 D - a wand of flame (12)
 F - a wand of acid (5)
Scrolls
 a - 2 scrolls of amnesia {unknown}
 b - 2 scrolls of identify
 f - 2 scrolls of fear {unknown}
 g - 6 scrolls of remove curse
 h - 10 scrolls of teleportation
 m - a scroll of fog {unknown}
 n - 3 scrolls of noise {unknown}
 s - 5 scrolls of magic mapping
 t - 3 scrolls of enchant armour
 H - a scroll of enchant weapon {unknown}
 L - a scroll of holy word {unknown}
Potions
 e - 2 potions of brilliance {unknown}
 j - a potion of resistance {unknown}
 l - 4 potions of mutation
 o - 2 potions of agility {unknown}
 q - 9 potions of curing
 v - 3 potions of haste
 z - a potion of degeneration {unknown}
 A - 4 potions of heal wounds
 B - 2 potions of invisibility {unknown}
 K - a potion of flight {unknown}
 M - 4 potions of lignification
Comestibles
 c - 18 rations


   Skills:
 + Level 10.7 Fighting
 + Level 10.7 Axes
 - Level 5.0 Throwing
 + Level 10.3 Armour
 + Level 9.4 Dodging
 - Level 8.0 Shields


You had 10 spell levels left.
You didn't know any spells.
Your spell library was empty.

Dungeon Overview and Level Annotations

Branches:
Dungeon (10/15)            Temple (0/1) D:7            Lair (2/6) D:8
  Swamp (0/4) Lair:2
  Snake: Lair:2-4    Spider: Lair:2-4       Orc: D:9-12

Altars:
Cheibriados
Elyvilon
Fedhas
Gozag
Hepliaklqana
Sif Muna
Trog
Wu Jian
Yredelemnul

Shops:
D:4 %   D:6 =   D:10 ?


Innate Abilities, Weirdness & Mutations

You reflexively headbutt those who attack you in melee.
You have a pair of horns on your head.


Message History

The electric eel completely resists.
The bolt of electricity misses you.
The electric eel shoots out a bolt of lightning at you!
The bolt of electricity misses you.
The electric eel shoots out a bolt of lightning at you!
The bolt of electricity hits you!
* * * LOW HITPOINT WARNING * * *
You feel much better.
The electric eel shoots out a bolt of lightning at you!
The bolt of electricity hits you.
* * * LOW HITPOINT WARNING * * *
The electric eel shoots out a bolt of lightning at you!
The bolt of electricity hits the electric eel.
The electric eel completely resists.
The bolt of electricity hits you!
* * * LOW HITPOINT WARNING * * *
The electric eel shoots out a bolt of lightning at you!
The bolt of electricity hits you!
* * * LOW HITPOINT WARNING * * *
The electric eel shoots out a bolt of lightning at you!
The bolt of electricity hits you!
You die...

#...≈≈≈...§..#
#..≈§§§≈....%#
#..≈;§§≈.....
...≈§§;;§..#
....;;;...#
..........## ...
#........##...
^.#...(...PP....
.......@.......
#####..........
##..†#.##......
##...## .... .
#....# .##..#.
##.†## ..... #...##
...## ##..#.###..P#
...##
#.....P.....##.....


You could see 6 electric eels.

Vanquished Creatures
  Urug (Lair:1)
  A two-headed ogre (D:9)
  Nergalle (Lair:1)
  The ghost of brittlin the Magician, a novice DECj (D:7)
  A cyclops (D:9)
  A black mamba (Lair:1)
  4 spiny frogs
  A komodo dragon (Lair:1)
  Prince Ribbit (D:9)
  4 hippogriffs
  2 wyverns
  4 yaks (D:9)
  A hungry ghost (D:7)
  5 water moccasins
  Duvessa (D:4)
  2 orc warriors
  2 ice beasts
  3 phantoms
  3 sky beasts
  A black bear (D:6)
  A necrophage (D:7)
  6 ogres
  2 centaurs (D:9)
  5 crocodiles
  An elf zombie (Ossuary)
  4 bullfrogs
  Dowan (D:4)
  A scorpion (D:9)
  2 jellies
  9 killer bees
  12 wights
  An electric eel (D:8)
  5 crimson imps
  A bullfrog zombie (D:6)
  A quasit (D:4)
  A centaur zombie (Ossuary)
  9 hounds
  4 human zombies (Ossuary)
  5 orc priests
  2 bullfrog skeletons
  13 orc wizards
  2 centaur skeletons
  4 worker ants
  An iguana (D:8)
  A big kobold zombie (Ossuary)
  3 hound zombies
  A hound skeleton (D:4)
  3 mummies (Ossuary)
  A worker ant zombie (D:8)
  Robin (D:4)
  4 gnolls (D:9)
  11 adders
  2 river rats (D:5)
  3 shadow imps
  3 adder zombies (Ossuary)
  A worm (D:2)
  2 dart slugs
  6 leopard geckos
  38 orcs
  9 giant cockroaches
  A gnoll zombie (Ossuary)
  16 goblins
  7 hobgoblins
  16 jackals
  2 kobolds
  2 quokkas
  6 bats
  3 frilled lizards
  4 goblin zombies (Ossuary)
  2 hobgoblin zombies (Ossuary)
  4 jackal zombies (Ossuary)
  4 kobold zombies (Ossuary)
  2 orc zombies (Ossuary)
  3 quokka zombies
  9 rats
  4 rat zombies (Ossuary)
  A spectral orc (D:5)
  2 fungi (Lair:1)
310 creatures vanquished.

Vanquished Creatures (collateral kills)
  A two-headed ogre (D:8)
  A howler monkey (D:8)
2 creatures vanquished.

Grand Total: 312 creatures vanquished

Notes
Turn   | Place    | Note
-------+----------+-------------------------------------------
     0 | D:1      | JOKERXD40 the Minotaur Berserker began the quest for the
                  | Orb.
     0 | D:1      | Reached XP level 1. HP: 19/19 MP: 0/0
   166 | D:1      | Reached XP level 2. HP: 25/27 MP: 1/1
   504 | D:1      | You fall through a shaft!
   512 | D:2      | Reached ** piety under Trog
   512 | D:2      | Reached XP level 3. HP: 21/33 MP: 2/2
  1232 | D:2      | Reached XP level 4. HP: 37/41 MP: 3/3
  1788 | D:3      | Reached skill level 1 in Throwing
  2162 | D:4      | Reached XP level 5. HP: 42/47 MP: 4/4
  2211 | D:4      | Reached skill level 1 in Shields
  2263 | D:4      | Found a snail-covered altar of Cheibriados.
  2332 | D:4      | Noticed Robin
  2350 | D:4      | Killed Robin
  2417 | D:4      | Noticed a phantom
  2423 | D:4      | Reached XP level 6. HP: 55/55 MP: 5/5
  2425 | D:4      | Reached skill level 5 in Axes
  2429 | D:4      | Reached *** piety under Trog
  2434 | D:4      | Reached skill level 5 in Fighting
  2456 | D:4      | Noticed Duvessa
  2459 | D:4      | Noticed Dowan
  2463 | D:4      | Killed Duvessa
  2463 | D:4      | Reached XP level 7. HP: 55/61 MP: 6/6
  2471 | D:4      | Killed Dowan
  2490 | D:4      | Found Kuah's Food Emporium.
  2795 | D:5      | Entered Level 5 of the Dungeon
  2869 | D:5      | Found a sand-covered staircase.
  2875 | Ossuary  | Entered an ossuary
  3243 | Ossuary  | Received a gift from Trog
  3625 | D:5      | Reached XP level 8. HP: 66/69 MP: 7/7
  3670 | D:5      | Reached **** piety under Trog
  3895 | D:5      | Found a blossoming altar of Fedhas.
  4066 | D:5      | Found a basalt altar of Yredelemnul.
  4136 | D:6      | Reached skill level 5 in Armour
  4136 | D:6      | Reached skill level 5 in Shields
  4242 | D:6      | Reached skill level 5 in Throwing
  4559 | D:6      | Reached skill level 5 in Dodging
  4610 | D:6      | Found Launky's Jewellery Shoppe.
  4887 | D:6      | Reached XP level 9. HP: 74/78 MP: 8/8
  5045 | D:6      | Received a gift from Trog
  5071 | D:6      | Found an ornate altar of the Wu Jian Council.
  5272 | D:7      | Found a staircase to the Ecumenical Temple.
  5462 | D:7      | Found a white marble altar of Elyvilon.
  5573 | D:7      | Got a translucent tin amulet
  5575 | D:7      | Identified the amulet of Discretion {+Rage rPois} (You
                  | found it on level 7 of the Dungeon)
  5820 | D:7      | Got an ancient lead ring
  5845 | D:7      | Reached ***** piety under Trog
  5984 | D:7      | Received a gift from Trog
  6190 | D:7      | Found a runed translucent door.
  6193 | D:7      | Noticed brittlin's ghost (novice DECj)
  6204 | D:7      | Killed brittlin's ghost
  6204 | D:7      | Reached XP level 10. HP: 88/88 MP: 9/9
  6395 | D:7      | Found an opulent altar of Gozag.
  6839 | D:8      | Found a hazy altar of Hepliaklqana.
  6957 | D:8      | Found a bloodstained altar of Trog.
  6960 | D:8      | Received a gift from Trog
  6963 | D:8      | Got a shimmering hand axe {god gift}
  6964 | D:8      | Identified the +5 hand axe of Jelly's Curse {elec, Int+2
                  | SInv} (Trog gifted it to you on level 8 of the Dungeon)
  7267 | D:8      | Found a deep blue altar of Sif Muna.
  7393 | D:8      | Found a staircase to the Lair.
  7493 | D:8      | Noticed a two-headed ogre
  7496 | D:8      | Killed a two-headed ogre
  7838 | D:9      | Noticed Prince Ribbit
  7846 | D:9      | Killed Prince Ribbit
  7869 | D:9      | Noticed a two-headed ogre
  7875 | D:9      | Killed a two-headed ogre
  8091 | D:9      | Noticed a cyclops
  8118 | D:9      | Killed a cyclops
  8125 | D:9      | Reached XP level 11. HP: 61/99 MP: 10/10
  8442 | D:10     | Entered Level 10 of the Dungeon
  8729 | D:10     | Found Kur Giogupe's Magic Scroll Emporium.
  8737 | D:10     | Bought a scroll of identify for 26 gold pieces
  8737 | D:10     | Identified the ring "Ymenor" {rPois Dex+6} (You found it on
                  | level 7 of the Dungeon)
  8834 | D:10     | Received a gift from Trog
  9118 | Lair:1   | Entered Level 1 of the Lair of Beasts
  9269 | Lair:1   | Noticed Nergalle
  9272 | Lair:1   | Reached skill level 10 in Fighting
  9272 | Lair:1   | Reached skill level 10 in Axes
  9281 | Lair:1   | Killed Nergalle
  9441 | Lair:1   | Noticed Urug
  9460 | Lair:1   | Killed Urug
  9460 | Lair:1   | Reached skill level 10 in Armour
 10258 | Lair:2   | Found a staircase to the Swamp.
 10265 | Lair:2   | HP: 4/101 [electric eel/bolt of electricity (14)]
 10265 | Lair:2   | Killed from afar by an electric eel

Skill      XL: |  1  2  3  4  5  6  7  8  9 10 11 |
---------------+----------------------------------+-----
Axes           | 4 5 6 8 9 10 | 10.7
Fighting       | 4 5 6 8 9 10 | 10.7
Armour         | 3 4 5 7 9 10 | 10.3
Throwing       | 1 2 4 5 |  5.0
Dodging        | 3 4 5 6 8 9 |  9.4
Shields        | 2 3 4 6 8 |  8.0

Action                   |  1- 3 |  4- 6 |  7- 9 | 10-12 || total
-------------------------+-------+-------+-------+-------++-------
Melee: Hand axe          |    85 |   102 |       |   216 ||   403
       Headbutt          |    14 |    25 |    85 |    53 ||   177
       War axe           |       |     4 |   424 |    52 ||   480
Throw: Stone             |    11 |    12 |     4 |       ||    27
       Javelin           |       |       |    21 |       ||    21
       Tomahawk          |       |       |       |    19 ||    19
Invok: Berserk           |       |     1 |     3 |     1 ||     5
       Trog's Hand       |       |     1 |       |       ||     1
       Brothers in Arms  |       |       |       |     2 ||     2
  Use: Scroll            |       |     3 |     4 |     9 ||    16
       Potion            |       |       |       |     1 ||     1
  Eat: Chunk             |       |    15 |    15 |    10 ||    40
       Ration            |       |       |       |     1 ||     1
Armor: Plate armour      |    70 |    66 |   185 |    74 ||   395
Dodge: Dodged            |    32 |    32 |    93 |    86 ||   243
Block: Shield            |       |    28 |   222 |   193 ||   443
       Reflection        |       |       |     2 |    11 ||    13
